2998 views
Uploaded 2020-03-03 00:02:43
Game version 1.32.2
3:35 long 4on4 ladder game on (8)Sanctuary_LV
Saved by Teelo
2998 views
Uploaded 2020-03-03 00:02:43
Game version 1.32.2
3:35 long 4on4 ladder game on (8)Sanctuary_LV


/ 0k
26 buildings @ 3.3k
/ 1k

| Peon | 7 | 525 | / | 0 |
| Grunt | 4 | 800 | / | 0 |
| total: | 11 | 1325g | / | 0w |
| Altar of Storms | 1 | 180 | / | 50 |
| Orc Burrow | 2 | 320 | / | 80 |
| Barracks | 1 | 180 | / | 50 |
| Voodoo Lounge | 1 | 130 | / | 30 |
| Stronghold | 1 | 315 | / | 190 |
| total: | 5 | 810g | / | 210w |
| 0:03 | Peon |
| 0:04 | Peon |
| 0:10 | Altar of Storms |
| 0:23 | Orc Burrow |
| 0:26 | Peon |
| 0:44 | Peon |
| 0:52 | Barracks |
| 0:58 | Peon |
| 0:58 | Peon |
| 1:37 | Orc Burrow |
| 1:45 | Peon |
| 1:54 | Grunt |
| 2:00 | Pillage |
| 2:08 | Grunt |
| 2:28 | Wind Walk |
| 2:32 | Voodoo Lounge |
| 2:34 | Grunt |
| 3:14 | Stronghold |
| 3:23 | Grunt |
| Right click | 126 |
| Select | 44 |
| Select group | 25 |
| Build/train/purchase | 16 |
| Assign group | 10 |
| Esc | 1 |

| Peasant | 11 | 825 | / | 0 |
| Footman | 4 | 540 | / | 0 |
| total: | 15 | 1365g | / | 0w |
| Altar of Kings | 1 | 180 | / | 50 |
| Farm | 4 | 320 | / | 80 |
| Barracks | 1 | 160 | / | 60 |
| Town Hall | 1 | 385 | / | 205 |
| total: | 7 | 1045g | / | 395w |
| 0:03 | Peasant |
| 0:03 | Peasant |
| 0:08 | Altar of Kings |
| 0:11 | Farm |
| 0:19 | Barracks |
| 0:27 | Peasant |
| 0:47 | Peasant |
| 0:49 | Farm |
| 1:02 | Peasant |
| 1:19 | Peasant |
| 1:21 | Footman |
| 1:32 | Farm |
| 1:34 | Peasant |
| 1:46 | Footman |
| 1:53 | Peasant |
| 2:04 | Farm |
| 2:11 | Peasant |
| 2:22 | Summon Water Elemental |
| 2:30 | Peasant |
| 2:43 | Peasant |
| 2:44 | Footman |
| 3:05 | Brilliance Aura |
| 3:18 | Town Hall |
| 3:32 | Footman |
| Right click | 72 |
| Select | 62 |
| Select group | 32 |
| Build/train/purchase | 28 |
| Assign group | 10 |
| Misc. action | 9 |
| Esc | 1 |

| Peasant | 11 | 825 | / | 0 |
| Footman | 4 | 540 | / | 0 |
| total: | 15 | 1365g | / | 0w |
| Farm | 5 | 400 | / | 100 |
| Altar of Kings | 1 | 180 | / | 50 |
| Barracks | 1 | 160 | / | 60 |
| total: | 7 | 740g | / | 210w |
| 0:05 | Peasant |
| 0:05 | Peasant |
| 0:09 | Farm |
| 0:10 | Altar of Kings |
| 0:21 | Farm |
| 0:23 | Barracks |
| 0:30 | Peasant |
| 0:38 | Peasant |
| 0:52 | Farm |
| 0:57 | Peasant |
| 1:08 | Peasant |
| 1:22 | Peasant |
| 1:30 | Farm |
| 1:37 | Footman |
| 1:41 | Peasant |
| 1:58 | Footman |
| 2:13 | Summon Water Elemental |
| 2:20 | Footman |
| 2:27 | Peasant |
| 2:31 | Farm |
| 2:47 | Footman |
| 2:49 | Peasant |
| 3:19 | Peasant |
| 3:33 | Brilliance Aura |
| Right click | 119 |
| Select | 46 |
| Assign group | 38 |
| Select group | 32 |
| Build/train/purchase | 21 |
| Misc. action | 1 |

| Peasant | 9 | 675 | / | 0 |
| Footman | 4 | 540 | / | 0 |
| total: | 13 | 1215g | / | 0w |
| Scout Tower | 1 | 30 | / | 20 |
| Arcane Tower | 1 | 70 | / | 50 |
| Altar of Kings | 1 | 180 | / | 50 |
| Farm | 4 | 320 | / | 80 |
| Barracks | 1 | 160 | / | 60 |
| total: | 7 | 690g | / | 210w |
| 0:03 | Peasant |
| 0:04 | Peasant |
| 0:04 | Peasant |
| 0:24 | Altar of Kings |
| 0:38 | Scout Tower |
| 0:40 | Farm |
| 0:41 | Farm |
| 0:46 | Peasant |
| 0:55 | Barracks |
| 1:04 | Peasant |
| 1:13 | Arcane Tower |
| 1:33 | Peasant |
| 1:57 | Footman |
| 2:12 | Farm |
| 2:20 | Farm |
| 2:33 | Footman |
| 2:41 | Summon Water Elemental |
| 2:48 | Peasant |
| 2:59 | Footman |
| 3:02 | Peasant |
| 3:25 | Footman |
| 3:27 | Peasant |
| Select | 34 |
| Right click | 33 |
| Build/train/purchase | 17 |
| Assign group | 9 |
| Select group | 2 |
/ 0.1k
21 buildings @ 3.4k
/ 1k
| Acolyte | 2 | 150 | / | 0 |
| Ghoul | 1 | 120 | / | 0 |
| Crypt Fiend | 2 | 430 | / | 80 |
| total: | 5 | 700g | / | 80w |
| Crypt | 1 | 200 | / | 50 |
| Graveyard | 1 | 215 | / | 0 |
| Altar of Darkness | 1 | 180 | / | 50 |
| Ziggurat | 2 | 300 | / | 100 |
| Tomb of Relics | 1 | 130 | / | 30 |
| total: | 6 | 1025g | / | 230w |
| 0:03 | Acolyte |
| 0:03 | Acolyte |
| 0:07 | Crypt |
| 0:17 | Graveyard |
| 0:44 | Altar of Darkness |
| 0:56 | Ziggurat |
| 1:09 | Ghoul |
| 1:22 | Tomb of Relics |
| 1:47 | Crypt Fiend |
| 1:59 | Ziggurat |
| 2:25 | Crypt Fiend |
| Select | 54 |
| Right click | 33 |
| Assign group | 24 |
| Chat | 20 |
| Select group | 8 |
| Build/train/purchase | 6 |
| Minimap ping | 1 |
| Wisp | 15 | 900 | / | 0 |
| total: | 15 | 900g | / | 0w |
| Moon Well | 2 | 360 | / | 80 |
| Altar of Elders | 1 | 180 | / | 50 |
| Ancient of War | 1 | 150 | / | 60 |
| Ancient of Wonders | 1 | 90 | / | 30 |
| total: | 5 | 780g | / | 220w |
| 0:06 | Wisp |
| 0:06 | Wisp |
| 0:06 | Wisp |
| 0:06 | Wisp |
| 0:09 | Wisp |
| 0:10 | Wisp |
| 0:10 | Wisp |
| 0:34 | Wisp |
| 0:37 | Wisp |
| 0:50 | Moon Well |
| 0:55 | Altar of Elders |
| 0:58 | Wisp |
| 1:16 | Ancient of War |
| 1:25 | Wisp |
| 1:27 | Wisp |
| 1:43 | Ancient of Wonders |
| 1:51 | Moon Well |
| 1:57 | Wisp |
| 2:13 | Wisp |
| 2:36 | Wisp |
| Chat | 216 |
| Select | 25 |
| Build/train/purchase | 17 |
| Right click | 5 |
| Esc | 1 |
| Peon | 4 | 300 | / | 0 |
| total: | 4 | 300g | / | 0w |
| Altar of Storms | 1 | 180 | / | 50 |
| Orc Burrow | 1 | 160 | / | 40 |
| Barracks | 1 | 180 | / | 50 |
| total: | 3 | 520g | / | 140w |
| 0:02 | Peon |
| 0:02 | Peon |
| 0:02 | Peon |
| 0:23 | Altar of Storms |
| 0:29 | Peon |
| 0:33 | Orc Burrow |
| 0:51 | Barracks |
| Chat | 158 |
| Select | 36 |
| Right click | 24 |
| Select group | 12 |
| Build/train/purchase | 10 |
| Use ability | 9 |
| Resource trade | 8 |
| Esc | 6 |
| Misc. action | 2 |
| Assign group | 1 |

| Peasant | 12 | 900 | / | 0 |
| Footman | 6 | 810 | / | 0 |
| total: | 18 | 1710g | / | 0w |
| Altar of Kings | 1 | 180 | / | 50 |
| Farm | 4 | 320 | / | 80 |
| Barracks | 1 | 160 | / | 60 |
| Town Hall | 1 | 385 | / | 205 |
| total: | 7 | 1045g | / | 395w |
| 0:04 | Peasant |
| 0:04 | Peasant |
| 0:10 | Altar of Kings |
| 0:14 | Farm |
| 0:17 | Barracks |
| 0:35 | Peasant |
| 0:51 | Peasant |
| 1:03 | Farm |
| 1:10 | Peasant |
| 1:20 | Footman |
| 1:21 | Footman |
| 1:25 | Peasant |
| 1:26 | Peasant |
| 1:26 | Peasant |
| 1:35 | Farm |
| 1:37 | Peasant |
| 1:58 | Peasant |
| 2:03 | Peasant |
| 2:06 | Footman |
| 2:06 | Footman |
| 2:13 | Farm |
| 2:33 | Footman |
| 2:33 | Footman |
| 2:36 | Peasant |
| 2:47 | Thunder Clap |
| 3:20 | Storm Bolt |
| 3:24 | Town Hall |
| Right click | 146 |
| Select group | 65 |
| Select | 42 |
| Build/train/purchase | 25 |
| Assign group | 7 |
| Misc. action | 7 |
⇛